 Dungeon Crawl Stone Soup version 0.30.0-30-g96aa6591b8 (webtiles) character file.

Game seed: 12490659974812962347

89 Eitelfritz the Trooper (level 4, -8/40 HPs)
             Began as a Hill Orc Fighter on June 30, 2023.
             Was an Initiate of Hepliaklqana.
             Killed by nerve-wracking pain
             ... invoked by an orc priest
              (12 damage)
             ... on level 4 of the Dungeon.
             The game lasted 00:04:13 (2565 turns).

Eitelfritz the Trooper (Hill Orc Fighter)           Turns: 2565, Time: 00:04:14

Health: -8/40      AC:  7    Str: 20    XL:     4   Next: 55%
Magic:  4/4        EV:  9    Int:  8    God:    Hepliaklqana [......]
Gold:   137        SH:  4    Dex: 10    Spells: 3/3 levels left

rFire   . . .        a - +0 war axe
rCold   . . .        c - +0 buckler
rNeg    . . .        y - +0 scale mail
rPois   .            (no helmet)
rElec   .            (no cloak)
rCorr   .            (no gloves)
SInv    .            (no boots)
Will    .....        (no amulet) Stlth
                     (no ring)
HPRegen 0.26/turn    (no ring)
MPRegen 0.09/turn

%: no passive effects
@: no status effects
A: no striking features
a: Renounce Religion, Convert to Beogh


You were on level 4 of the Dungeon.
You worshipped Hepliaklqana.
Hepliaklqana was noncommittal.
You visited 1 branch of the dungeon, and saw 4 of its levels.

You collected 137 gold pieces.

Inventory:

Hand Weapons
 a - a +0 war axe (weapon)
 b - a +0 sling
Missiles
 p - 3 javelins (quivered)
 t - 8 boomerangs
 A - 4 poisoned darts
Armour
 c - a +0 buckler (worn)
 y - a +0 scale mail (worn)
Jewellery
 h - an amulet of magic regeneration
Scrolls
 g - 2 scrolls of noise {unknown}
 j - a scroll of poison {unknown}
 l - a scroll of silence {unknown}
 m - 2 scrolls of teleportation {unknown}
 n - a scroll of fog {unknown}
 o - a scroll of immolation {unknown}
 r - 2 scrolls of identify {unknown}
 s - a scroll of enchant armour {unknown}
 w - a scroll of amnesia {unknown}
Potions
 d - 2 potions of might
 e - a potion of magic {unknown}
 f - 2 potions of flight {unknown}
 i - a potion of brilliance {unknown}
 k - 2 potions of heal wounds {unknown}
 q - a potion of berserk rage {unknown}
 u - 2 potions of curing {unknown}
 v - a potion of haste {unknown}
 x - 2 potions of resistance {unknown}
 z - a potion of attraction {unknown}


   Skills:
 + Level 4.1 Fighting
 + Level 4.1 Axes
 + Level 0.2 Ranged Weapons
 + Level 4.0 Armour
 + Level 0.6 Dodging
 + Level 0.2 Stealth
 + Level 3.7 Shields


You had 3 spell levels left.
You didn't know any spells.
Your spell library contained the following spells:

 Spells                   Type           Power      Damage    Failure   Level
 Sandblast                Erth           0%         2d4       83%         1
 Passwall                 Tmut/Erth      0%         N/A       92%         2
 Sublimation of Blood     Necr           0%         N/A       92%         2
 Wereblood                Tmut           0%         N/A       92%         2
 Call Canine Familiar     Summ           0%         N/A       99%         3
 Portal Projectile        Hex/Tloc       0%         N/A       99%         3
 Stone Arrow              Conj/Erth      0%         3d7       99%         3
 Leda's Liquefaction      Hex/Erth       0%         N/A       100%        4
 Summon Hydra             Summ           0%         N/A       100%        7


Dungeon Overview and Level Annotations

Branches:
Dungeon (4/15)
 Temple: D:4-7

Altars:
Dithmenos
Hepliaklqana


Message History

The sling bullet closely misses the orc wizard.
The orc wizard points at you and mumbles some strange words.
You resist with some effort.
You hear a shout!
a - a +0 war axe (weapon)
You hear an angry hiss.
An orc priest comes into view. It is wielding a +0 club.
The orc priest threatens, "By the altar or by the axe, you will meet Beogh!" (press Y on the ability menu to convert to Beogh)
An adder comes into view.
The orc wizard gestures at you while chanting.
The magic dart hits you.
The orc priest looks braver for a moment.
The orc wizard casts a spell at you. The magic dart hits you!
The orc priest threatens, "By the altar or by the axe, you will meet Beogh!"
A kobold comes into view. It is wielding a +0 short sword.
The kobold shouts!
An orc priest comes into view. It is wielding a +0 club.
Found an escape hatch in the ceiling.
The orc priest shouts!
The orc wizard barely misses you. The orc priest hits you with a +0 club.
An orc comes into view. It is wielding a +0 hand axe.
You closely miss the orc wizard. You closely miss the orc priest.
You slash the adder! The adder bites you.
The orc wizard hits you but does no damage.
The orc priest hits you but does no damage.
You closely miss the orc wizard. You hit the adder.
You kill the adder!
You barely miss the orc priest.
The orc wizard hits you with a staff of cold.
You block the orc priest's attack.
The orc priest mumbles some strange prayers to Beogh against you.
Pain shoots through your body!
* * * LOW HITPOINT WARNING * * *
The orc wizard hits you with a staff of cold.
* * * LOW HITPOINT WARNING * * *
The orc priest invokes the aid of Beogh against you.
Pain shoots through your body!
You die...

.#.####.##.# #..
........##.# #.#
.#########.# #$#
#.#####.#
#.......#
#..###..## #..#
#...# #..###..##
.......@#
......Koo.o..<..
.........o####...
#..........#
.........
........#
##......#
#......#


You could see 2 orc priests, an orc wizard, an orc and a kobold.

Vanquished Creatures
  4 adders
  2 dart slugs
  4 bats
  7 endoplasms
  4 giant cockroaches
  3 goblins
  3 hobgoblins
  6 jackals
  A quokka (D:1)
  3 ball pythons
  4 frilled lizards
  9 kobolds
  5 rats
55 creatures vanquished.

Notes
Turn   | Place    | Note
-------+----------+-------------------------------------------
     0 | D:1      | Eitelfritz the Hill Orc Fighter began the quest for the
                  | Orb.
     0 | D:1      | Reached XP level 1. HP: 19/19 MP: 1/1
   175 | D:1      | Reached XP level 2. HP: 24/27 MP: 2/2
   340 | D:1      | Reached XP level 3. HP: 31/33 MP: 3/3
   597 | D:1      | Found a faded altar of an unknown god.
  1508 | D:3      | Identified the +10 spear "Rirew" {holy, *Slow rCorr Int+9
                  | Dex-4}
  1824 | D:3      | Found a hazy altar of Hepliaklqana.
  1825 | D:3      | Found a shadowy altar of Dithmenos.
  1825 | D:3      | Noticed a shadow
  1830 | D:3      | Became a worshipper of Hepliaklqana the Forgotten
  2033 | D:3      | Reached XP level 4. HP: 18/40 MP: 4/4
  2565 | D:4      | Killed from afar by an orc priest

Illustrated notes

Levels and vault maps discovered:
D:1:      sevenhm_arrival_forest_fort_large_4, layout_loops_ring,
          shapermc_ecumenical_altar_petra
D:2:      layout_loops_ring
D:3:      layout_loops_corners, riverfiend_overflow_shadow_ancestor
D:4:      layout_loops_ring, nicolae_tso_besieged_by_evil,
          minmay_temple_entry_slanted, chequers_serial_rivers_small_3

Skill      XL: |  1  2  3  4 |
---------------+-------------+-----
Fighting       | 4 |  4.1
Axes           | 3 4 |  4.1
Armour         | 4 |  4.0
Ranged Weapons | |  0.2
Dodging        | |  0.6
Stealth        | |  0.2
Shields        | |  3.7

Action                     |  1- 3 |  4- 6 || total
---------------------------+-------+-------++-------
  Melee: War axe           |   129 |    22 ||   151
   Fire: Sling             |    10 |    15 ||    25
 Armour: Scale mail        |    65 |    16 ||    81
  Dodge: Dodged            |    75 |    12 ||    87
  Block: Buckler           |    38 |     9 ||    47
